 Dungeon Crawl Stone Soup version 0.16.2-12-gd0ad4c3 (webtiles) character file.

6296 CuntPokingMan the Carver (level 10, -1/74 HPs)
             Began as an Octopode Fighter on Sept 11, 2015.
             Was a Believer of Dithmenos.
             Slain by a troll (4 damage)
             ... on level 8 of the Dungeon.
             The game lasted 01:34:22 (13696 turns).

CuntPokingMan the Carver (Octopode Fighter)        Turns: 13696, Time: 01:34:22

Health: -1/74      AC:  1    Str: 15    XL:     10   Next: 94%
Magic:  10/10      EV: 12    Int: 12    God:    Dithmenos [**....]
Gold:   68         SH: 15    Dex: 14    Spells: 1 memorised, 6 levels left

rFire  x . .     SeeInvis .     a - +0 long sword
rCold  + + .     Clarity  .     v - +4 shield
rNeg   . . .     SustAb   .     (helmet restricted)
rPois  +         Gourm    .     (no amulet)
rElec  .         Spirit   .     g - ring of flight
rCorr  .         Warding  .     j - ring of ice
rMut   .         NoTele   +     k - ring of wizardry
MR     .....                    t - ring "Brielassu" {-Tele +Fly rPois rC+}
Stlth  +++.......               (no ring)
                                (no ring)
                                (no ring)
                                (no ring)

@: wreathed by umbra, not resistant to hostile enchantments, fairly stealthy
A: almost no armour, amphibious, 8 rings, constrict 8, camouflage 1, gelatinous
body 1
a: Shadow Step, Renounce Religion, Evoke Flight


You were on level 8 of the Dungeon.
You worshipped Dithmenos.
Dithmenos was pleased with you.
You were not hungry.

You visited 2 branches of the dungeon, and saw 10 of its levels.

You collected 536 gold pieces.
You spent 468 gold pieces at shops.

Inventory:

Hand weapons
 a - a +0 long sword (weapon)
 e - a +2 blowgun
 A - a +3 quarterstaff of chaos
Missiles
 o - 39 poisoned needles
 y - 8 poisoned tomahawks (quivered)
Armour
 c - a +2 shield
 v - a +4 shield (worn)
Rods
 B - a +0 rod of inaccuracy (9/9)
   (You found it on level 6 of the Dungeon)
Jewellery
 g - a ring of flight (left tentacle)
 j - a ring of ice (right tentacle)
 k - a ring of wizardry (on tentacle)
 t - the ring "Brielassu" (on tentacle) {-Tele +Fly rPois rC+}
   (You bought it in a shop on level 5 of the Dungeon)

   [ring of flight]

   It protects you from cold.
   It protects you from poison.
   It lets you fly.
   It prevents most forms of teleportation.
Magical devices
 b - a wand of heal wounds (2)
 h - a wand of paralysis (9)
 i - a wand of paralysis (5)
 q - a wand of frost (22)
 x - a wand of cold (4)
 C - a wand of flame (10)
 G - a wand of disintegration (8)
Scrolls
 p - 6 scrolls of remove curse
 r - 2 scrolls of recharging
 w - a scroll of identify
 I - a scroll of noise {unknown}
 J - 3 scrolls of vulnerability {unknown}
 K - a scroll of blinking
Potions
 f - a potion of brilliance
 l - 2 potions of cure mutation
 u - a potion of resistance
 z - a potion of cancellation
 E - a potion of curing
 H - a potion of haste
Books
 n - a book of Envenomations

   Spells                             Type                      Level
   a - Spider Form                    Transmutation/Poison         3
   b - Alistair's Intoxication        Transmutation/Poison         4
   c - Olgreb's Toxic Radiance        Poison                       4
   d - Poisonous Cloud                Conjuration/Poison/Air       6
Comestibles
 d - 3 bread rations
 m - 2 meat rations
 s - 2 beef jerkies
 D - 9 slices of pizza
 F - a royal jelly


   Skills:
 * Level 9.5 Fighting
 * Level 10.5 Long Blades
 - Level 1.4 Throwing
 - Level 4.0 Dodging
 * Level 8.5 Shields
 - Level 0.8 Unarmed Combat


You had 6 spell levels left.
You knew the following spells:

 Your Spells              Type           Power        Failure   Level  Hunger
a - Spider Form           Trmt/Pois      #.........   88%         3    ####...


Dungeon Overview and Level Annotations

Branches:
Dungeon (9/15)             Temple (1/1) D:6            Lair (0/8) D:8
    Orc: D:9-12

Altars:
Ashenzari
Cheibriados
Dithmenos
Elyvilon
Fedhas
Kikubaaqudgha
Makhleb
Nemelex Xobeh
Okawaru
Qazlal
Ru
Sif Muna
Trog
Vehumet
Xom
Yredelemnul
Zin
The Shining One

Shops:
D:5 *   D:8 }


Innate Abilities, Weirdness & Mutations

You cannot wear most types of armour.
You are amphibious.
You can wear up to eight rings at the same time.
You can use your tentacles to constrict many enemies at once.
Your skin changes colour to match your surroundings (Stealth).
Your rubbery body absorbs attacks (AC +1).


Message History

The troll bites you! The troll claws you. The troll claws you.
You block the crimson imp's attack. You block the crimson imp's attack.
You block the troll's attack. The troll claws you!
* * * LOW HITPOINT WARNING * * *
The troll claws you.
* * * LOW HITPOINT WARNING * * *
A mysterious force pulls you upwards. The hatch slams shut behind you.
Read which item? (? for menu, Esc to quit)
You can't read that!
You block the troll's attack. The troll claws you.
* * * LOW HITPOINT WARNING * * *
The troll claws you!
* * * LOW HITPOINT WARNING * * *
Eat which item? (? for menu, Esc to quit)
Okay, then.
You closely miss the troll. You squeeze the troll.
The troll is almost dead.
The troll closely misses you. The troll claws you.
You die...

#........##.# #.#
............#
#.#######
#...#..#.####
#........ ######.#.#
######### #...#
####### # ##..#
#(....# # #..# #.....#
# #..# #5....# # #..#
#@T...# #
#..#######.....# #####
########>(((>(.(..(..#
#....
.......).#######.....#
#.###
########.##..........#
#.# # #............#.#
#.#
#######..##.########.#
#.#
#....................#
#.#
#.#####..#...#########
#.#


You could see a troll and a crimson imp.

Vanquished Creatures
  Pikel (D:5)
  Psyche (D:8)
  The ghost of CuntPokingMan the Skirmisher, an average OpFi (D:4)
  A spriggan (D:8)
  8 yaks
  2 steam dragons (D:9)
  3 porcupines (D:8)
  A water moccasin (D:8)
  3 slaves
  2 sky beasts
  A black bear (D:8)
  A phantom (D:5)
  4 ogres
  4 ice beasts
  A gnoll sergeant (D:7)
  2 centaurs (D:6)
  A big kobold (D:8)
  6 giant frogs
  A water moccasin zombie (D:6)
  2 scorpions
  3 goliath beetles
  6 crimson imps
  A giant frog skeleton (D:8)
  A gnoll shaman (D:8)
  4 jellies
  Crazy Yiuf (D:6)
  7 hounds
  An orc priest (D:7)
  2 orc wizards
  4 worker ants
  A centaur skeleton (D:7)
  4 iguanas
  Ijyb (D:4)
  A worker ant zombie (D:5)
  9 adders
  15 gnolls
  A river rat (D:8)
  3 shadow imps
  3 giant mites
  2 worms
  4 adder zombies
  6 giant geckos
  2 oozes
  18 orcs
  12 bats
  A bat skeleton (D:5)
  A bat zombie (D:5)
  10 goblins
  11 hobgoblins
  19 jackals
  2 quokkas
  A ball python (D:3)
  7 giant cockroaches
  A giant cockroach zombie (D:5)
  4 giant newts
  A goblin zombie (D:5)
  18 kobolds
  9 rats
  3 ballistomycetes (D:6)
  A plant (D:8)
247 creatures vanquished.

Vanquished Creatures (others)
  An adder skeleton (D:8)
  An orc (D:5)
  2 giant spores (D:6)
  3 fungi (D:8)
  6 plants (D:8)
13 creatures vanquished.

Grand Total: 260 creatures vanquished

Notes
Turn   | Place    | Note
--------------------------------------------------------------
     0 | D:1      | CuntPokingMan, the Octopode Fighter, began the quest for the Orb.
     0 | D:1      | Reached XP level 1. HP: 16/16 MP: 1/1
   417 | D:1      | Reached XP level 2. HP: 2/21 MP: 2/2
  1026 | D:1      | Reached XP level 3. HP: 26/26 MP: 3/3
  1199 | D:2      | Found a basalt altar of Yredelemnul.
  1312 | D:2      | Found a sacrificial altar of Ru.
  1317 | D:2      | Found a white marble altar of Elyvilon.
  1329 | D:2      | Found a glowing silver altar of Zin.
  1330 | D:2      | Found a sparkling altar of Nemelex Xobeh.
  1330 | D:2      | Found a snail-covered altar of Cheibriados.
  1331 | D:2      | Found an iron altar of Okawaru.
  1332 | D:2      | Found a shattered altar of Ashenzari.
  1660 | D:2      | You fall through a shaft for 2 floors!
  1781 | D:3      | Reached XP level 4. HP: 14/31 MP: 4/4
  2009 | D:3      | Learned a level 3 spell: Spider Form
  2779 | D:3      | Reached skill level 4 in Fighting
  3034 | D:3      | Noticed an ogre
  3052 | D:3      | Killed an ogre
  3052 | D:3      | Reached XP level 5. HP: 19/38 MP: 5/5
  3284 | D:4      | Noticed CuntPokingMan's ghost (average OpFi)
  3330 | D:4      | Reached skill level 5 in Fighting
  3494 | D:4      | Noticed a scorpion
  3507 | D:4      | Killed a scorpion
  3507 | D:4      | Reached XP level 6. HP: 30/45 MP: 6/6
  3677 | D:4      | Noticed Ijyb
  3689 | D:4      | Killed Ijyb
  4190 | D:4      | Killed CuntPokingMan's ghost
  4190 | D:4      | Reached skill level 6 in Fighting
  4190 | D:4      | Reached skill level 1 in Throwing
  4190 | D:4      | Reached XP level 7. HP: 38/53 MP: 7/7
  4769 | D:5      | Entered Level 5 of the Dungeon
  4787 | D:5      | Found Naaliomiy's General Store.
  4811 | D:4      | Reached skill level 7 in Fighting
  5436 | D:5      | Reached XP level 8. HP: 35/60 MP: 8/8
  5557 | D:5      | Reached skill level 5 in Long Blades
  5846 | D:5      | Noticed Pikel
  6341 | D:5      | Killed Pikel
  6808 | D:6      | HP: 3/60 [something (32)]
  7232 | D:6      | Reached skill level 8 in Long Blades
  7232 | D:6      | Reached XP level 9. HP: 54/64 MP: 9/9
  7556 | D:6      | Found a staircase to the Ecumenical Temple.
  7564 | Temple   | Entered the Ecumenical Temple
  7621 | Temple   | Became a worshipper of Dithmenos the Shadowed
  7740 | D:5      | Bought the ring "Brielassu" {-Tele +Fly rPois rC+} for 331 gold pieces
  8400 | D:6      | Noticed Crazy Yiuf
  8406 | D:6      | Killed Crazy Yiuf
  8660 | D:6      | Reached skill level 5 in Shields
  8887 | D:6      | Identified a +0 rod of inaccuracy (9/9) (You found it on level 6 of the Dungeon)
  9783 | D:7      | You fall through a shaft!
  9861 | D:8      | Reached skill level 9 in Long Blades
 10543 | D:5      | Bought a scroll of enchant armour for 82 gold pieces
 10543 | D:5      | Bought a potion of heal wounds for 55 gold pieces
 10594 | D:8      | Found Piteog's Gadget Boutique.
 10704 | D:8      | Reached XP level 10. HP: 56/73 MP: 10/10
 10792 | D:8      | Noticed Psyche
 10823 | D:8      | Killed Psyche
 11225 | D:8      | Reached skill level 10 in Long Blades
 11488 | D:8      | Found a staircase to the Lair.
 11621 | D:8      | HP: 1/74 [yak (18)]
 11994 | D:8      | Acquired Dithmenos' first power
 12348 | D:8      | Found a deep blue altar of Sif Muna.
 12348 | D:8      | Found a stormy altar of Qazlal.
 12348 | D:8      | Found an ancient bone altar of Kikubaaqudgha.
 13180 | D:9      | Found a burning altar of Makhleb.
 13695 | D:8      | HP: 2/74 [troll (8)]
 13696 | D:8      | Slain by a troll

Action                   |  1- 3 |  4- 6 |  7- 9 | 10-12 || total
-------------------------+-------+-------+-------+-------++-------
Melee: Long sword        |    71 |    70 |   327 |   231 ||   699
       Unarmed           |       |    38 |       |       ||    38
 Fire: Blowgun           |       |    11 |    45 |    20 ||    76
  Use: Scroll            |     1 |     5 |     7 |     1 ||    14
       Potion            |     1 |     3 |     9 |     3 ||    16
 Stab: Sleeping          |       |     1 |     6 |     3 ||    10
       Distracted        |       |       |     1 |       ||     1
  Eat: Chunk             |     1 |     7 |    10 |     3 ||    21
       Meat ration       |       |     1 |       |       ||     1
       Bread ration      |       |       |     2 |     2 ||     4
